[Event "Late-Titled-Tuesday-Blitz-December-26-2023"]
[Site "Chess.com"]
[Date "2023.12.26"]
[Round "7"]
[White "maurovargas01"]
[Black "BestestBP"]
[Result "0-1"]
[WhiteElo "1834"]
[BlackElo "2189"]
[TimeControl "180+1"]
[EndTime "15:17:27 PST"]
[Termination "BestestBP won on time"]

1. e4 e5 2. Nf3 Nc6 3. d4 exd4 4. Bc4 Nf6 5. e5 d5 6. Bb5 Ne4 7. O-O Bc5 8. Nxd4 O-O 9. Nxc6 bxc6 10. Bxc6 Ba6 11.
Be3 Bxe3 12. fxe3 Bxf1 13. Bxa8 Qg5 14. Qxf1 Qxe3+ 15. Kh1 Nf2+ 16. Kg1 Ng4+ 17. Kh1 Qxe5 18. Qg1 Rxa8 19. Nc3 Re8 20. h3 Nf6 21. Rd1 c6 22. Qxa7 Nh5 23. Qd4 Ng3+ 24. Kg1 Qh5 25. a4 h6 26. a5 Qg5 27. a6 Nf5 28. Qd2 Qe7 29.
Ra1 Qc5+ 30. Kh2 Qd6+ 31. Kh1 Ng3+ 32. Kg1 Qc5+ 33. Kh2 Qd6 34. Kg1 Ra8 35. a7 Qc5+ 36. Kh2 Nf5 37. Qd3 g6 0-1

[Event "Late-Titled-Tuesday-Blitz-December-26-2023"]
[Site "Chess.com"]
[Date "2023.12.26"]
[Round "7"]
[White "TanitoluwaAps116"]
[Black "nindjaxx8"]
[Result "1-0"]
[WhiteElo "2761"]
[BlackElo "2583"]
[TimeControl "180+1"]
[EndTime "15:17:31 PST"]
[Termination "TanitoluwaAps116 won by checkmate"]

1. e4 e6 2. d4 d5 3. Bd3 dxe4 4. Bxe4 Nf6 5. Bf3 Be7 6. Ne2 O-O 7. O-O c6 8. c4 b6 9. Nbc3 Bb7 10. Bg5 Qc8 11. Re1 Rd8 12. Qc2 h6 13. Bh4 Na6 14. Rad1 c5 15. Bxb7 Qxb7 16. d5 exd5 17.
cxd5 Nxd5 18. Rxd5 Bxh4 19. Qe4 Qe7 20. Re5 Qf6 21. g3 Nb4 22. Rd1 Rxd1+ 23. Nxd1 Rd8 24. Re8+ Rxe8 25. Qxe8+ Kh7 26. Qe4+ g6 27. a3 Qd6 28. Ne3 Nd3 29. gxh4 Nxb2 30. h5 b5 31.
Nf4 c4 32. hxg6+ fxg6 33. Qb7+ Kg8 34. Ned5 c3 35. Ne7+ Kf7 36. Nf5+ Kf6 37. Nxd6 c2 38. Qc6 Nc4 39. Nxc4+ Kf5 40. Ne3+ Kxf4 41. Qxc2 Kg5 42. h4+ Kxh4 43. Qxg6 h5 44. Qg3# 1-0

[Event "Late-Titled-Tuesday-Blitz-December-26-2023"]
[Site "Chess.com"]
[Date "2023.12.26"]
[Round "7"]
[White "AlexNovitz"]
[Black "morte-negra"]
[Result "1-0"]
[WhiteElo "2200"]
[BlackElo "1999"]
[TimeControl "180+1"]
[EndTime "15:17:34 PST"]
[Termination "AlexNovitz won on time"]

1. e4 c5 2. Nf3 d6 3. d4 cxd4 4. Nxd4 Nf6 5. Nc3 a6 6. h3 e6 7. g4 b5 8. Bg2 Bb7 9. a3 h6 10.
O-O Nbd7 11. Qe2 Be7 12. Kh1 Qc7 13. f4 Rc8 14. g5 hxg5 15. fxg5 Nh5 16. Qg4 Ne5 17.
Qh4 Ng6 18. Qf2 Ne5 19. g6 O-O 20. Qe1 fxg6 21. Rxf8+ Rxf8 22. Nxe6 Qc4 23. Nxf8 Bxf8 24. Be3 a5 25. Rd1 b4 26. axb4 axb4 27. Bf1 Bxe4+ 28.
Nxe4 Qxe4+ 29. Bg2 Qf5 30. Qxb4 Ng3+ 31. Kh2 d5 32.
Bxd5+ Nf7 33. Kxg3 Bxb4 34. Bb3 Kh7 35. Rd4 Qe5+ 36. Kf3 Ng5+ 37. Ke2 Ne4 38. Kd3 Nc5+ 39. Kc4 Nxb3 40. Rh4+ Kg8 41. Kxb4 1-0

[Event "Late-Titled-Tuesday-Blitz-December-26-2023"]
[Site "Chess.com"]
[Date "2023.12.26"]
[Round "7"]
[White "ShahMatKanal"]
[Black "Grindaveci"]
[Result "0-1"]
[WhiteElo "2508"]
[BlackElo "2391"]
[TimeControl "180+1"]
[EndTime "15:17:35 PST"]
[Termination "Grindaveci won by checkmate"]

1. c4 e6 2. g3 d5 3. Nf3 Nf6 4. Bg2 Be7 5. O-O O-O 6. d4 dxc4 7. Qc2 b5 8. e4 Bb7 9. Re1 Nc6 10. e5 Nd5 11. a3 Nb6 12. Be3 b4 13. Nbd2 Na5 14. axb4 Bxb4 15. Rxa5 Bxf3 16. Nxf3 Bxa5 17. Ng5 g6 18. Ra1 Bb4 19. Ne4 a5 20. h4 Be7 21.
h5 Nd5 22. Bh6 Re8 23. Qxc4 Qb8 24. Qc2 Qb6 25. Be3 Reb8 26. hxg6 hxg6 27. Nc3 c6 28. Nxd5 cxd5 29. Ra2 a4 30. Qe2 Qb3 31. Ra1 Qxb2 32. Qd1 Qb3 33. Qe1 a3 34. Bf3 a2 35. Kg2 Qb2 36.
Be2 Qxa1 37. Qxa1 Rb1 38. Qc3 a1=Q 39. Qc7 Qa7 40. Qc6 Rb2 41. Bf3 Qb6 42. Qxa8+ Kg7 43. Qa1 Qb4 44. Qh1 Qc3 45. Qh6+ Kg8 46. Qf4 Rb1 47. Be2 Qe1 48. Kf3 Qh1+ 49. Kg4 Qh5# 0-1

[Event "Late-Titled-Tuesday-Blitz-December-26-2023"]
[Site "Chess.com"]
[Date "2023.12.26"]
[Round "7"]
[White "Vision_64"]
[Black "alertakobra"]
[Result "0-1"]
[WhiteElo "2302"]
[BlackElo "2437"]
[TimeControl "180+1"]
[EndTime "15:17:35 PST"]
[Termination "alertakobra won on time"]

1. e4 c5 2. Nf3 Nc6 3. d4 cxd4 4.
Nxd4 Nf6 5. Nc3 e5 6. Ndb5 d6 7.
Bg5 a6 8. Na3 b5 9. Nd5 Be7 10.
Bxf6 Bxf6 11. c4 b4 12. Nc2 O-O 13. Be2 a5 14. O-O Rb8 15. Qd3 Be6 16. Rad1 Bxd5 17. exd5 Nd4 18. Nxd4 exd4 19. Bf3 a4 20. Rfe1 Qa5 21. Be4 g6 22. g3 b3 23. a3 Rbc8 24.
h4 Kg7 25. h5 Qc5 26. Rc1 Bg5 27. f4 Bf6 28. Kg2 Rfe8 29. Rh1 Qa7 30. hxg6 hxg6 31.
f5 g5 32. Rh5 Rh8 33. Qd1 Rxh5 34. Qxh5 Rh8 35. Qe2 d3 36. Qxd3 Bxb2 37. Rf1 Bf6 38. Rc1 Qc5 39. Re1 Qxa3 40. Re2 Qc5 41. Bf3 Rb8 0-1

[Event "Late-Titled-Tuesday-Blitz-December-26-2023"]
[Site "Chess.com"]
[Date "2023.12.26"]
[Round "7"]
[White "MITerryble"]
[Black "Alexander_Khlebovich"]
[Result "1-0"]
[WhiteElo "3028"]
[BlackElo "2766"]
[TimeControl "180+1"]
[EndTime "15:17:40 PST"]
[Termination "MITerryble won on time"]

1. Nf3 c5 2. g3 Nc6 3. Bg2 g6 4. O-O Bg7 5. c4 Nf6 6. Nc3 O-O 7. d4 cxd4 8. Nxd4 Ng4 9. Nc2 Bxc3 10. bxc3 d6 11. h3 Nge5 12. Bh6 Re8 13. Nd4 Bd7 14.
Rb1 Na5 15. f4 Nexc4 16. f5 Ne5 17. fxg6 hxg6 18. Qd2 Rc8 19. g4 b6 20. Rbc1 Bc6 21. e4 Bd7 22. Qf4 Nac6 23. Rcd1 b5 24. Nf5 Bxf5 25. exf5 e6 26. f6 Qb6+ 27. Kh1 Qc5 28. Bg7 g5 29. Qxg5 Ng6 30. Qh6 Nce5 31. Rde1 Qxc3 32. Re2 Qg3 33. Rd2 Rc3 34. Rxd6 Rc2 35. Rd2 Rxd2 36. Qxd2 Nh4 37. Qf2 Qxg2+ 38. Qxg2 Nxg2 39.
Kxg2 b4 40. Rc1 a5 41. Rc5 1-0

[Event "Late-Titled-Tuesday-Blitz-December-26-2023"]
[Site "Chess.com"]
[Date "2023.12.26"]
[Round "7"]
[White "GoValya"]
[Black "SocoLoco"]
[Result "1-0"]
[WhiteElo "2304"]
[BlackElo "2125"]
[TimeControl "180+1"]
[EndTime "15:17:41 PST"]
[Termination "GoValya won on time"]

1. d4 d5 2. c4 Nc6 3. e3 e5 4.
cxd5 Qxd5 5. Nc3 Bb4 6. Bd2 Bxc3 7. bxc3 Nf6 8. c4 Qd6 9. d5 Ne7 10. Nf3 O-O 11. Be2 Ng6 12. Rb1 a5 13. O-O Ne4 14.
Be1 b6 15. Nd2 Nc3 16. c5 bxc5 17. Nc4 Nxd1 18. Nxd6 Nxe3 19. fxe3 cxd6 20. Rb6 Rd8 21. Bb5 f6 22. Bc6 Ra7 23. Rb8 Kf8 24. Bc3 Ke7 25. Rfb1 Bd7 26. R8b7 Rxb7 27. Rxb7 Nf8 28. Bxa5 Ra8 29.
Rxd7+ Nxd7 30. Bxa8 Nb8 31. Bb7 Kd7 32. Kf2 f5 33. Ke2 g5 34. a4 h5 35. Bc3 Kc7 36. Ba8 Na6 37. Bc6 Nb8 38. Bb5 Kb6 39. Bc4 Nd7 40.
a5+ Ka7 41. a6 Nb8 42. Ba5 Nxa6 43. Bxa6 Kxa6 44. Bc7 c4 45. Bxd6 e4 46. Be7 Kb5 47. Bxg5 Kc5 48. Bf6 Kxd5 49. Bd4 f4 50. Bc3 1-0

[Event "Late-Titled-Tuesday-Blitz-December-26-2023"]
[Site "Chess.com"]
[Date "2023.12.26"]
[Round "7"]
[White "koncheto"]
[Black "djano"]
[Result "0-1"]
[WhiteElo "2529"]
[BlackElo "2653"]
[TimeControl "180+1"]
[EndTime "15:17:43 PST"]
[Termination "djano won on time"]

1. e4 c5 2. Nf3 Nc6 3. d4 cxd4 4.
Nxd4 e5 5. Nb5 d6 6. c4 g6 7.
N1c3 a6 8. Na3 Be6 9. Be3 Nf6 10. Be2 Bg7 11. Qd2 O-O 12. O-O Nd4 13. Nc2 Nxe2+ 14. Qxe2 Rc8 15. Na3 Nh5 16. Rfd1 f5 17. exf5 Rxf5 18.
Ne4 Rc6 19. Rd2 Nf4 20. Bxf4 exf4 21. Rad1 f3 22. Qe3 Qh4 23. Ng3 Be5 24. Rxd6 fxg2 25. Rd8+ Kf7 26. Nc2 Rh5 27. Qf3+ Rf5 28. Qxg2 Rf4 29.
Ne3 Rc7 30. b3 h5 31. R8d2 Qf6 32. Nd5 Bxd5 33. Rxd5 Re7 34. R5d2 Bc3 35. Re2 Rxe2 36. Nxe2 Rg4 37. Ng3 h4 38. Qxb7+ Kg8 39. Qc8+ Kg7 40.
Qxg4 hxg3 41. Rd7+ Kh6 42. Qh3+ Kg5 43. Qxg3+ Kh6 44. Rd3 Be5 45. Qh3+ Kg5 46. Rf3 Bf4 47. Qg2+ Kf5 48. h3 g5 49. Qg4+ Ke4 50. Qg2 Kd4 0-1

[Event "Late-Titled-Tuesday-Blitz-December-26-2023"]
[Site "Chess.com"]
[Date "2023.12.26"]
[Round "7"]
[White "IlanSchnaider"]
[Black "monalize"]
[Result "1-0"]
[WhiteElo "2675"]
[BlackElo "2470"]
[TimeControl "180+1"]
[EndTime "15:17:46 PST"]
[Termination "IlanSchnaider won by resignation"]

1. e4 c5 2. Nf3 d6 3. Bb5+ Nd7 4. a4 a6 5. Bc4 e6 6. Nc3 Ngf6 7. O-O b6 8. d4 cxd4 9. Nxd4 Bb7 10. Re1 Rc8 11. Bb3 Nc5 12. Bg5 h6 13. Bh4 Be7 14. Qe2 O-O 15.
f3 Nxb3 16. Nxb3 Nxe4 17. Bxe7 Nxc3 18. Qxe6 fxe6 19. Bxd8 Rfxd8 20. bxc3 e5 21. Re3 a5 22. Nd2 Kf7 23. Rd3 Ba6 24. Re3 Rc6 25. Rb1 Rdc8 26.
Rb3 R8c7 27. Kf2 Bc8 28. g3 Be6 29. Ra3 g5 30. h4 Ke7 31. hxg5 hxg5 32. Ne4 g4 33. f4 exf4 34. gxf4 Kd7 35. Nf6+ Ke7 36. Nd5+ Kf7 37. Nxc7 Rxc7 38. Kg3 Rc5 39. Ra1 Bd7 40.
Rb1 Rc6 41. Rb5 Kf6 42. Rd3 Bf5 43. Re3 Bxc2 44. Kxg4 Bxa4 45. Rf5+ Kg7 46. Re7+ Kg6 47. Re6+ Kg7 48. Kg5 Bc2 49. Re7+ Kg8 50. Rff7 a4 51. Kf6 d5+ 52. Ke5 Rxc3 53. Rg7+ Kh8 54. Kf6 Rc6+ 55.
Kf7 Rc8 56. Rg2 Bh7 57. Rh2 a3 58. Kf6 Rf8+ 59. Ke6 1-0

[Event "Late-Titled-Tuesday-Blitz-December-26-2023"]
[Site "Chess.com"]
[Date "2023.12.26"]
[Round "7"]
[White "C_K_G"]
[Black "protectiago"]
[Result "0-1"]
[WhiteElo "2066"]
[BlackElo "2057"]
[TimeControl "180+1"]
[EndTime "15:17:47 PST"]
[Termination "protectiago won on time"]

1. e4 e5 2. Nf3 Nc6 3. Bc4 Bc5 4. c3 Nf6 5. d4 exd4 6. cxd4 Bb4+ 7. Nc3 Nxe4 8. O-O Bxc3 9. d5 Bf6 10. Re1 Ne7 11. Rxe4 d6 12. Bg5 Bxg5 13. Nxg5 h6 14. Qe2 hxg5 15.
Re1 Be6 16. dxe6 f6 17. Re3 c6 18. Rh3 Rxh3 19. gxh3 g6 20. Qf3 Qa5 21. Rd1 Qf5 22.
Qb3 O-O-O 23. Qa3 Qc5 24. Qb3 d5 25. Bf1 Rh8 26. a4 Rh4 27. a5 Rf4 28. Rd2 Qb4 29.
Qe3 Qxa5 30. b3 Qa1 31. Qe2 Qe5 32.
Qd3 Qf5 33. Qe3 Re4 34. Qxa7 Qxe6 35. Rc2 Re1 36. Qa8+ Kc7 37. Qa5+ b6 38. Qa7+ Kd6 39. Qxb6 Ke5 40. Qc7+ Kf5 41. Re2 Rxe2 42. Bxe2 Qxe2 43. Qc8+ Qe6 44. Qc7 d4 0-1

[Event "Late-Titled-Tuesday-Blitz-December-26-2023"]
[Site "Chess.com"]
[Date "2023.12.26"]
[Round "7"]
[White "Nf3c5"]
[Black "GMKrikor"]
[Result "0-1"]
[WhiteElo "2516"]
[BlackElo "2816"]
[TimeControl "180+1"]
[EndTime "15:17:51 PST"]
[Termination "GMKrikor won by resignation"]

1. d4 Nf6 2. Nf3 g6 3. Nc3 Bg7 4. e4 d6 5. h3 a6 6. a4 Nc6 7. d5 Nb4 8. a5 c6 9. Bc4 O-O 10.
O-O e6 11. dxe6 Bxe6 12. Bxe6 fxe6 13. e5 Nfd5 14. Ne4 Rxf3 15. Qxf3 Nxc2 16. Bg5 Qd7 17. exd6 Nxa1 18. Rxa1 Rf8 19. Qg3 Bd4 20. Rd1 e5 21. Rxd4 exd4 22. Qe5 d3 23. Be7 Rf7 24. Nc5 Rxe7 25. dxe7 Qxe7 26. Qb8+ Kg7 27. Nxd3 Nf6 28. Qf4 h6 29. Qd4 Kh7 30. g4 Nd5 31. Ne5 Qf6 32.
Nf3 Qxf3 33. Qa7 Qf7 34. Qd4 Nf4 35. Kh2 Ne6 36. Qe3 Qf4+ 37. Kg2 Qxe3 38. fxe3 Nc5 39. Kf3 Nd3 40. b3 Nc5 41. b4 Nd3 42. Ke4 Nxb4 43. Kd4 Kg7 44. Kc5 Nc2 45. e4 Ne3 46. Kb6 Nc4+ 47.
Kxb7 Nxa5+ 48. Kxa6 Nc4 49. Kb7 Ne5 50. Kb6 Kf6 51.
Kc5 Ke6 52. h4 Nxg4 53. Kxc6 Ke5 54. h5 gxh5 0-1

[Event "Late-Titled-Tuesday-Blitz-December-26-2023"]
[Site "Chess.com"]
[Date "2023.12.26"]
[Round "7"]
[White "Aguiar94"]
[Black "Maitreia"]
[Result "0-1"]
[WhiteElo "2571"]
[BlackElo "2722"]
[TimeControl "180+1"]
[EndTime "15:17:51 PST"]
[Termination "Maitreia won on time"]

1. e4 c5 2. Nf3 g6 3. d4 cxd4 4. Nxd4 Bg7 5. Nc3 Nc6 6. Nb3 Bxc3+ 7. bxc3 Nf6 8. Bd3 O-O 9. c4 b6 10. Bb2 d6 11. O-O Be6 12. f4 Na5 13. Nxa5 bxa5 14. Bd4 Qc7 15. Qe2 Rfc8 16. c5 dxc5 17. Be5 Qc6 18. c4 Bg4 19. Qe3 Rd8 20. h3 Bc8 21. f5 Bb7 22. Rae1 Rxd3 23. Qxd3 Nxe4 24. fxg6 hxg6 25. Rd1 f6 26. Ba1 Kf7 27. Rfe1 Nf2 28. Kxf2 Qxg2+ 29. Ke3 Rh8 30. Rh1 Qg3+ 31. Kd2 Qf2+ 32.
Kc3 Bxh1 33. Rxh1 Qxa2 34. Bb2 a4 35. Qd5+ Kg7 36. Qb7 Kf7 37. Qd5+ Kg7 38. Qb7 Kf7 39. h4 a3 40. Bc1 Qe2 41. Bd2 Qe5+ 42. Kb3 Rd8 43.
Bc3 Rd3 44. Rc1 a2 45. Qa6 Qe3 46. Rc2 Rd6 0-1

[Event "Late-Titled-Tuesday-Blitz-December-26-2023"]
[Site "Chess.com"]
[Date "2023.12.26"]
[Round "7"]
[White "DinaBelenkaya"]
[Black "LeonardoL2005"]
[Result "0-1"]
[WhiteElo "2385"]
[BlackElo "2283"]
[TimeControl "180+1"]
[EndTime "15:17:52 PST"]
[Termination "LeonardoL2005 won by checkmate"]

1. Nf3 Nf6 2. g3 g6 3. d3 Bg7 4. e4 d6 5. Bg2 O-O 6. O-O Nc6 7. c3 Bg4 8. Re1 e5 9. h3 Bxf3 10. Bxf3 Nd7 11. h4 f5 12. exf5 gxf5 13. Bd5+ Kh8 14.
Bg5 Bf6 15. Qh5 Qe7 16. Kg2 Qg7 17. Nd2 Ne7 18. Be6 Nc5 19. Bc4 d5 20. d4 Ne4 21.
Nxe4 fxe4 22. Bb3 exd4 23. cxd4 Bxd4 24. Re2 Bf6 25. Kh2 Bxg5 26. hxg5 c6 27. Kg2 Rf5 28. Rh1 Raf8 29. Bd1 Rxg5 30. Qh3 Ng6 31. Kf1 Ne5 32. Re3 Nc4 33. Rb3 Nd2+ 34. Ke1 Nxb3 35. axb3 e3 36. f3 Rxg3 37. Qf1 Qxb2 38. Qe2 Qxe2+ 39. Bxe2 d4 40. Rh4 c5 41. Kd1 Rg1+ 42. Kc2 Rg2 43. Kd3 b6 44. f4 Rf2 45. Bh5 R2xf4 46. Rh1 Rf2 47. Bg6 h6 48. Be4 Rd2+ 49. Kc4 Rf6 50. Kd5 e2 51. Re1 Rf2 52. Ke5 Rd1 53. Rxd1 exd1=Q 54. Kd6 Qh5 55. Kc7 Rf6 56. Kb8 Qf7 57. Bb7 Qg7 58. Kxa7 Rf7 59. Ka6 Rxb7 60. b4 Qd7 61.
b5 Ra7+ 62. Kxb6 Qc7# 0-1

[Event "Late-Titled-Tuesday-Blitz-December-26-2023"]
[Site "Chess.com"]
[Date "2023.12.26"]
[Round "7"]
[White "bazar-wokzal"]
[Black "dosto07"]
[Result "1-0"]
[WhiteElo "2653"]
[BlackElo "2528"]
[TimeControl "180+1"]
[EndTime "15:17:54 PST"]
[Termination "bazar-wokzal won on time"]

1. e4 e5 2. Bc4 Nc6 3. f4 Bc5 4. Nf3 Nf6 5. Nc3 exf4 6. d4 Bb4 7. e5 Ne4 8. O-O Nxc3 9. bxc3 Bxc3 10. Bxf4 Bxa1 11.
Qxa1 O-O 12. d5 Ne7 13. d6 Ng6 14. Bg5 Qe8 15. dxc7 b5 16. Bd5 Ba6 17. Bxa8 Qxa8 18. Qd4 Qc6 19. Qd6 Bb7 20. Qxc6 Bxc6 21. Bd8 Bb7 22. Rb1 a6 23. a4 Nf4 24. axb5 Ne2+ 25.
Kf2 Nc3 26. bxa6 Bxa6 27. Rb6 Bc8 28. Rb8 Ba6 29. Nd4 Nd5 30. Nf5 Nxc7 31. Ne7+ Kh8 32. Bxc7 Rxb8 33. Bxb8 Bb7 34. g4 h6 35. h4 Kh7 36. Ke3 g6 37. g5 Kg7 38. Bd6 hxg5 39. hxg5 Ba6 40. Kd4 Bb7 41. Kc5 Bf3 42. Kb6 Be4 43.
c4 Bf3 44. c5 Be4 45. Kc7 Bf5 46. Nxf5+ gxf5 47. Kxd7 f4 48. c6 f3 49. Bc5 Kg6 50. c7 Kxg5 51. c8=Q Kg4 52. Qg8+ Kf4 53. Kd6 Ke4 54.
Qxf7 f2 55. e6 f1=Q 56. Qg6+ 1-0

[Event "Late-Titled-Tuesday-Blitz-December-26-2023"]
[Site "Chess.com"]
[Date "2023.12.26"]
[Round "7"]
[White "frequentblunders"]
[Black "gxbg2000"]
[Result "0-1"]
[WhiteElo "2103"]
[BlackElo "2006"]
[TimeControl "180+1"]
[EndTime "15:17:54 PST"]
[Termination "gxbg2000 won on time"]

1. d3 e5 2. f4 exf4 3. Bxf4 Nf6 4. Nf3 Be7 5. Nc3 O-O 6. e4 d6 7. d4 Bg4 8. Bd3 Nbd7 9. O-O a6 10. h3 Bh5 11. a4 Rc8 12. Qd2 Bg6 13. Rae1 Re8 14. g4 Nf8 15. d5 N8d7 16. Nd4 Bf8 17. Nf5 Ne5 18. Ne2 Nfd7 19. Neg3 c5 20. c4 Rb8 21. b3 Qb6 22. Be2 Qxb3 23. Rb1 Qxa4 24. Ra1 Qb4 25. Qc2 Qb6 26. Rfb1 Qc7 27. h4 Bxf5 28. Nxf5 g6 29. Nh6+ Bxh6 30. Bxh6 Qd8 31.
Bg5 f6 32. Bf4 Qe7 33. Rb3 g5 34. Bg3 Ng6 35. hxg5 fxg5 36. Bf3 Nde5 37. Re1 Rf8 38. Qg2 Rf7 39. Ree3 b5 40. Be2 b4 41. Rb1 a5 42. Ra1 Ra8 43. Bd1 Qd7 44. Ba4 Qxg4 45.
Bc6 Raa7 46. Ba4 Nxc4 47. Re2 Nce5 48. Rf2 Nf3+ 49. Kh1 Nge5 50. Raf1 Qh5+ 51. Bh2 Rf4 0-1

[Event "Late-Titled-Tuesday-Blitz-December-26-2023"]
[Site "Chess.com"]
[Date "2023.12.26"]
[Round "7"]
[White "Crasyhealer"]
[Black "Alexei_Gubajdullin"]
[Result "1-0"]
[WhiteElo "2488"]
[BlackElo "2593"]
[TimeControl "180+1"]
[EndTime "15:17:56 PST"]
[Termination "Crasyhealer won on time"]

1. c4 Nf6 2. Nc3 c5 3. e4 Nc6 4. Nf3 d6 5. d4 Bg4 6. d5 Nd4 7. Be2 Bxf3 8. Bxf3 g6 9. Be3 e5 10. dxe6 Nxe6 11. Nd5 Bg7 12. e5 Nxd5 13. cxd5 Nd4 14. Bxd4 cxd4 15. e6 O-O 16. O-O Qg5 17. Qb3 b5 18. g3 Rac8 19. Bg2 Rc5 20. Rae1 Qd2 21. a4 bxa4 22. Qxa4 Rcc8 23. e7 Rfe8 24. Bh3 f5 25.
Qd7 d3 26. Qxd6 Qxb2 27. Qe6+ Kh8 28. Qxc8 Rxc8 29. e8=Q+ Rxe8 30. Rxe8+ Bf8 31. Rxf8+ Kg7 32. Re8 d2 33. d6 Qc1 34. d7 d1=Q 35. d8=Q Qxd8 36.
Rxd8 Qc7 37. Rfd1 Kh6 38. R8d7 Qc5 39. Bf1 f4 40. R7d5 Qc7 41. R1d4 fxg3 42. hxg3 Qb6 43.
Rh4+ Kg7 44. Bh3 h5 45. Rd7+ Kh6 46. Rhd4 Qb1+ 47. Bf1 a5 48. Ra7 Qe1 49. Rdd7 h4 50.
Rh7+ Kg5 51. Rxh4 Qc3 52. Ra4 Qe1 53. R7xa5+ Kh6 54. Ra6 Qc3 55. Rg4 1-0

[Event "Late-Titled-Tuesday-Blitz-December-26-2023"]
[Site "Chess.com"]
[Date "2023.12.26"]
[Round "7"]
[White "zsoltkorpics"]
[Black "Walter_White_Poland"]
[Result "1-0"]
[WhiteElo "2509"]
[BlackElo "2294"]
[TimeControl "180+1"]
[EndTime "15:17:58 PST"]
[Termination "zsoltkorpics won by checkmate"]

1. e4 Nf6 2. e5 Nd5 3. Nc3 Nxc3 4. bxc3 d5 5. d4 c5 6. f4 Nc6 7. Nf3 Bg4 8. Be3 e6 9. Rb1 Qa5 10. Qd2 Bxf3 11. gxf3 cxd4 12. Bxd4 Nxd4 13. Qxd4 Bc5 14. Bb5+ Qxb5 15. Rxb5 Bxd4 16. cxd4 b6 17. Kd2 g6 18. a4 Kd7 19. a5 Rhb8 20. Rhb1 Kc7 21. R1b3 bxa5 22. Rc3+ Kd7 23. Rxa5 Rb6 24. Rac5 Rb7 25.
Rc6 a5 26. Rd6+ Ke7 27. Ra3 a4 28. Rc6 Kf8 29. Rcc3 Kg7 30. Re3 Rb1 31. Re1 Rxe1 32. Kxe1 Kh6 33. Kd2 Kh5 34. c3 Kh4 35. Kd3 Kh3 36.
Ra2 a3 37. c4 dxc4+ 38. Kxc4 Ra4+ 39. Kc3 h6 40. Kd3 Kh4 41. Kc3 g5 42. f5 exf5 43. d5 f4 44. d6 Ra7 45. Kb3 g4 46. fxg4 Kxg4 47. Rxa3 Rxa3+ 48. Kxa3 f3 49. d7 f2 50. d8=Q f1=Q 51. Qg8+ Kh5 52. Qg3 Qf5 53. h3 Qg5 54. Qf3+ Kg6 55. Qe4+ Qf5 56. Qc6+ Kg5 57. Qg2+ Kh4 58.
Kb3 Qg4 59. Qxg4# 1-0

[Event "Late-Titled-Tuesday-Blitz-December-26-2023"]
[Site "Chess.com"]
[Date "2023.12.26"]
[Round "7"]
[White "Defenstrator"]
[Black "Veleamater"]
[Result "1-0"]
[WhiteElo "2465"]
[BlackElo "2346"]
[TimeControl "180+1"]
[EndTime "15:18:05 PST"]
[Termination "Defenstrator won by checkmate"]

1. g3 g6 2. Bg2 Bg7 3. Nf3 d6 4.
O-O Nf6 5. d3 O-O 6. e4 Nc6 7.
a4 e5 8. a5 a6 9. c3 h6 10. b4 Nd7 11. Na3 Kh7 12. Nc2 f5 13. exf5 gxf5 14. Nh4 Ne7 15. d4 Ng6 16. Nxg6 Kxg6 17.
dxe5 dxe5 18. Be3 Nf6 19. Qe2 c6 20. Rad1 Qe8 21. Bc5 Rf7 22. Ne3 Kh7 23. Nc4 Qg8 24. Nxe5 Ne4 25. Nxf7 Nxc5 26. Nxh6 Bxh6 27. Qe7+ Qg7 28.
Qxc5 Be6 29. Rfe1 Bf7 30. Rd7 Rf8 31. Qxf5+ Kg8 32. Ree7 Bc1 33. Bf1 Bh6 34. Bc4 Bxc4 35. Rxg7+ Bxg7 36. Qg6 Bf7 37. Qd6 Bxc3 38. Rd8 Bg7 39.
Rxf8+ Bxf8 40. Qb8 Bc4 41. Qxb7 Bb5 42. h4 Bxb4 43. h5 Bf8 44. g4 c5 45. g5 c4 46. h6 Be8 47. Qd5+ Bf7 48. Qe4 Kh8 49. g6 c3 50. gxf7 Bxh6 51. Qe8+ Kh7 52. Qg8# 1-0

[Event "Late-Titled-Tuesday-Blitz-December-26-2023"]
[Site "Chess.com"]
[Date "2023.12.26"]
[Round "7"]
[White "Agibileg"]
[Black "prime-morty"]
[Result "0-1"]
[WhiteElo "2683"]
[BlackElo "2572"]
[TimeControl "180+1"]
[EndTime "15:18:06 PST"]
[Termination "prime-morty won by checkmate"]

1. d4 d6 2. Nf3 g6 3. Nc3 Bg7 4. e4 a6 5. Be2 Nc6 6. a4 e6 7.
O-O d5 8. e5 h6 9. Nb1 Nge7 10.
c4 dxc4 11. Bxc4 Nf5 12. Be3 O-O 13. Nc3 b6 14. Ne4 Bb7 15. Ng3 Nxe3 16. fxe3 Na5 17. Bd3 c5 18. Be4 cxd4 19. exd4 Bd5 20. Kh1 Rc8 21. b4 Nc4 22. Qe2 b5 23. axb5 axb5 24.
Bxd5 Qxd5 25. Ne4 Ra8 26. h3 Rxa1 27. Rxa1 Ra8 28. Rxa8+ Qxa8 29. Nd6 Qa1+ 30. Kh2 Nxd6 31. exd6 Bxd4 32. d7 Bf6 33. Qxb5 Qa8 34. Qc5 Qb8+ 35. Kh1 Kg7 36. b5 Qd8 37. Qc6 Qa5 38. Qd6 Bd8 39. Qe5+ Kg8 40. Qc5 Bc7 41. Ng1 Qb6 42. Qe7 Qd4 43.
Qe8+ Kg7 44. Qc8 Qd6 45. Nf3 Qd1+ 46. Ng1 Qd6 47. Nf3 e5 48. Nd2 e4 49. Nf1 Qf4 50.
Ng3 Qxg3 51. d8=Q Qe1# 0-1

[Event "Late-Titled-Tuesday-Blitz-December-26-2023"]
[Site "Chess.com"]
[Date "2023.12.26"]
[Round "7"]
[White "Kiborg95"]
[Black "Elsa167"]
[Result "1-0"]
[WhiteElo "2849"]
[BlackElo "2973"]
[TimeControl "180+1"]
[EndTime "15:18:07 PST"]
[Termination "Kiborg95 won on time"]

1. e4 c6 2. d4 d5 3. e5 Bf5 4. h4 Qb6 5. g4 Bd7 6. Nc3 h5 7.
gxh5 Bf5 8. Na4 Qc7 9. c3 e6 10. f4 Nd7 11. Be3 Nh6 12. Be2 Be4 13. Rh2 Nf5 14.
Bf2 b5 15. Nc5 Bxc5 16. dxc5 f6 17. exf6 Qxf4 18. fxg7 Rg8 19. Rh3 Rxg7 20. Qd2 Qxd2+ 21. Kxd2 Ne5 22. Bd4 Nxd4 23. cxd4 Nc4+ 24. Bxc4 bxc4 25. Ne2 Ke7 26. Rg3 Rf7 27. b3 Bf3 28. bxc4 dxc4 29.
Rf1 Bxh5 30. Rxf7+ Bxf7 31. Ra3 e5 32. dxe5 Ke6 33.
Nd4+ Kxe5 34. Nxc6+ Kd5 35. Rxa7 Rf8 36. Ne7+ Kxc5 37.
Kc3 Be6 38. Ra5+ Kd6 39. Ng6 Rf3+ 40. Kd4 Rd3+ 41. Ke4 Rd2 42. Ra6+ Kd7 43. Nf8+ Ke7 44. Nxe6 c3 45. Rc6 Rxa2 46. Nf4 Rh2 47. h5 c2 48. Kf5 Kd7 49. Rc3 Kd6 50. Kg5 Ke5 51. h6 Kd4 52.
Rc8 Ke3 53. Nh5 Rg2+ 54. Kf6 Rh2 55. Kg6 Rg2+ 56. Kh7 Rh2 57. Nf6 Kd2 58. Ne4+ Kd3 59. Ng3 1-0

[Event "Late-Titled-Tuesday-Blitz-December-26-2023"]
[Site "Chess.com"]
[Date "2023.12.26"]
[Round "7"]
[White "yaguigor"]
[Black "lucasmito"]
[Result "0-1"]
[WhiteElo "2577"]
[BlackElo "2744"]
[TimeControl "180+1"]
[EndTime "15:18:08 PST"]
[Termination "lucasmito won on time"]

1. e4 Nf6 2. e5 Nd5 3. d4 d6 4. Nf3 Nc6 5. c4 Nb6 6. e6 fxe6 7. Nc3 Kf7 8. Bd3 Kg8 9. Qe2 Nb4 10. Bb1 c5 11.
dxc5 dxc5 12. O-O Nc6 13. Rd1 Qe8 14. Nb5 Qh5 15. Nc7 Rb8 16. Nxe6 Qf7 17. Nfg5 Qf6 18.
Bf4 Ra8 19. Nxf8 Qxf4 20. Nfe6 Qf6 21. Rd3 Nd4 22. Nxd4 cxd4 23. Ne4 Qe5 24. Rf3 Bg4 25. Rf8+ Rxf8 26. Qxg4 h5 27. Qd1 Nxc4 28. Qb3 b5 29. a4 a6 30. axb5 axb5 31. Bd3 h4 32. h3 Rc8 33.
Ra7 Rh6 34. Qb4 Re6 35. Qe1 Nd6 36. f3 Nf5 37. Qa5 Ne3 38. Qxb5 Rc1+ 39. Kf2 Qxb5 40.
Bxb5 Rc2+ 41. Ke1 Rxb2 42. Bd3 Re5 43. Ra8+ Kf7 44. Ra7 Nxg2+ 45. Kd1 Ne3+ 46. Kc1 Rh2 47. Nd6+ Ke6 48. Nc4 Nxc4 49. Bxc4+ Kf6 50. Ra6+ e6 51. f4 Rc5 52. Ra4 Rxh3 53. Kd2 Rxc4 54. Rxc4 e5 55. fxe5+ Kxe5 56. Rc5+ Ke4 57. Rg5 Rg3 0-1